Unix NetHack Version 5.0.0-0 post-release - last build May 10 2026 23:12:36 (d1fa5d53e341ca933230fdaa984d921c805b60aa,branch:main).

Game began 2026-05-12 16:51:22, ended 2026-05-12 16:59:08.

ArrBianca, lawful female dwarven Valkyrie

                                       ..
                                        ..



                                    |                     ---
                                     ..                   ...|
                                                   ----- YYYY--
                                                ...|...|   ...|
                                                .......---....|
                                                -.............|
                                                ---- ....|....|    ---
                                                      ..----..|   .|.-
                                                      ..|  ----  .....
                                                      ..|        -.....--
                                                      ..|---------.|....|..--
                                                      ..--.........|---.....|
                                                      -.......------  ---..<|
                                                      ------              ---
ArrBianca the Stripling     St:14 Dx:12 Co:20 In:10 Wi:8 Ch:11  Lawful
Dlvl:5  $:21 HP:0(24) Pw:1(1) AC:-2 Xp:2 T:840 

Latest messages:
 The ape misses!
 The ape hits!
 The ape misses!
 You hit the ape!
 The ape hits!
 The ape hits again!
 The ape misses!
 You swap places with the peaceful watch captain.
 The ape misses!
 The ape hits!
 The ape bites!
 The ape misses!
 The ape hits!
 The ape bites!
 You hear a door open.
 The ape hits!
 The ape hits again!
 The ape misses!
 You hear some noises in the distance.
 The ape misses!
 The ape hits!
 The ape misses!
 Are you sure you want to pray? [yn] (n) y
 You begin praying to Tyr.
 You are surrounded by a shimmering light.
 The ape starts to attack you, but pulls back.
 The ape starts to attack you, but pulls back.
 The ape starts to attack you, but pulls back.
 The ape starts to attack you, but pulls back.
 The ape starts to attack you, but pulls back.
 The ape starts to attack you, but pulls back.
 The ape starts to attack you, but pulls back.
 The ape starts to attack you, but pulls back.
 The ape starts to attack you, but pulls back.
 You finish your prayer.
 You feel that Tyr is pleased.
 What do you want to drink? [l or ?*] l
 Gee!  All of a sudden, you can't see yourself.
 The ape misses!
 The ape misses!
 The ape misses!
 The ape hits!
 The ape misses!
 The ape bites!
 You die...
 Do you want your possessions identified? [ynq] (y) n
 Do you want to see your attributes? [ynq] (y) n
 Do you want an account of creatures vanquished? [ynaq] (y) n
 Do you want to see your conduct and achievements? [ynq] (y) n
 Do you want to see the dungeon overview? [ynq] (y) n

Inventory:
 Coins    ('$')
  $ - 21 gold pieces
 Weapons  (')')
  b - a +0 dagger (alternate weapon; not wielded)
  a - a +1 dwarvish spear (weapon in right hand)
 Armor    ('[')
  n - a cursed +0 pair of iron shoes (being worn)
  c - an uncursed +3 small shield (being worn)
  o - an uncursed +0 dwarvish cloak (being worn)
  p - an uncursed +0 splint mail (being worn)
 Comestibles  ('%')
  d - 2 uncursed food rations
  i - an uncursed rotten tin of goblin meat
  k - an uncursed tin of soup made from goblin meat
 Tools    ('(')
  j - a cursed magic marker (0:48)
 Gems/Stones  ('*')
  h - an uncursed worthless piece of yellow glass

ArrBianca the Valkyrie's attributes:

Background:
 You were a Stripling, a level 2 dwarven Valkyrie.
 You were lawful, on a mission for Tyr
 who was opposed by Odin (neutral) and Loki (chaotic).
 You were right-handed.
 You were in the Gnomish Mines, on level 5.
 You entered the dungeon 840 turns ago.
 You had 28 experience points, 12 more were needed to attain level 3.

Basics:
 You had 0 out of 24 hit points.
 You had 1 out of 1 energy points (spell power).
 Your armor class was -2.
 Your wallet contained 21 zorkmids.
 Autopickup was on for '$?!/="+%' plus thrown, with exceptions.

Final Characteristics:
 Your strength was 14 (limit:18/100).
 Your dexterity was 12 (limit:20).
 Your constitution was 20 (limit:20).
 Your intelligence was 10 (limit:16).
 Your wisdom was 8 (limit:16).
 Your charisma was 11 (limit:16).

Final Status:
 You weren't hungry.
 You were unencumbered.
 You were wielding a spear.
 You had basic skill with spear.

Final Attributes:
 You were fervently aligned.
 Your items were somewhat protected from fire.
 You were cold resistant.
 Your items were somewhat protected from cold.
 You had infravision.
 You were invisible.
 You were warded.
 You are dead.

Miscellaneous:
 You encountered 1 bones level.
 Total elapsed playing time was 7 minutes and 32 seconds.

Major events:
 Turn
    1: ArrBianca the lawful dwarven Valkyrie entered the dungeon
  445: entered the Gnomish Mines
  750: reached Mine Town
  840: killed by an ape

You didn't know any spells.

Skills:
 Fighting Skills
   bare handed combat [Unskilled]
   two weapon combat  [Unskilled]
   riding             [Unskilled]
 Weapon Skills
   dagger             [Basic]
   axe                [Unskilled]
   pick-axe           [Unskilled]
   short sword        [Unskilled]
   broadsword         [Unskilled]
   long sword         [Unskilled]
   two-handed sword   [Unskilled]
   saber              [Unskilled]
   hammer             [Unskilled]
   quarterstaff       [Unskilled]
   polearms           [Unskilled]
   spear              [Basic]
   trident            [Unskilled]
   lance              [Unskilled]
   sling              [Unskilled]
 Spellcasting Skills
   attack spells      [Unskilled]
   escape spells      [Unskilled]

Voluntary challenges:
 Character rerolling was not enabled.
 You followed a strict vegan diet.
 You never genocided any monsters.
 You never polymorphed an object.
 You never changed form.
 You used no wishes.
Achievements:
 You entered a shop.
 You entered the Gnomish Mines.
 You entered Minetown.

 The Dungeons of Doom: levels 1 to 2
    Level 1:
       A sink.
    Level 2:
       A vegetarian food shop, some fountains, a grave.
       Stairs down to The Gnomish Mines.
 The Gnomish Mines: levels 3 to 5
    Level 3:
    Level 4:
    Level 5: <- You were here.
       Final resting place for
          you, killed by an ape,
          dongsweat-Sam-Hum-Mal-Law, killed by an orc mummy, while frozen by a floating eye's gaze.


Vanquished creatures:
  a gnome mummy
  a dwarf zombie
  a fox
  4 grid bugs
  4 newts
11 creatures vanquished.

No species were genocided or became extinct.

Game over:
                       ----------
                      /          \
                     /    REST    \
                    /      IN      \
                   /     PEACE      \
                  /                  \
                  |    ArrBianca     |
                  |      21 Au       |
                  | killed by an ape |
                  |                  |
                  |                  |
                  |                  |
                  |       2026       |
                 *|     *  *  *      | *
        _________)/\\_//(\/(/\)/\//\/|_)_______

Farvel ArrBianca the Valkyrie...

You died in The Gnomish Mines on dungeon level 5 with 351 points,
and 21 pieces of gold, after 840 moves.
You were level 2 with a maximum of 24 hit points when you died.

